← All builds
Geo / Armada / Economy first / OBSERVED BUILD

Standard geo

Eco-first Geo build that rushes geothermal power and T2 constructor before transitioning into Starlight-led T2 units for front, the role's baseline play.

Usually blows up the commander for T2 (66%)

#eco #t2 · 709 distinct matches · 107 players · 58% of Armada Geo games · team won 54% of 800 · Recently observed

HOW TO PLAY IT

Key timing: Geothermal Powerplant by 3:26

  1. Open mex and wind into Bot Lab.
  2. Rush geothermal for the early energy spike.
  3. Add Advanced Metal Extractor, then Advanced Geothermal by 7:07.
  4. Bring up Vehicle Plant alongside T2 con for "Starlight" and vehicles.
  5. Funnel "Starlight" and T1 vehicles to front, pay allies with cons and "Lazarus".

Phase by phase

TYPICAL OF ITS 709 GAMES
  1. 1
  2. 2
  3. 3
  4. 4
PLAY THE OPENING

Follow the example game's first 6:00 step by step: what to build now, what comes next, and where it goes. At 1× it keeps pace with your own game.

  1. 1

    Up to the Bot Lab

    Economy
    • Metal Extractor2Mex
    • Wind Turbine4Wind
    Order
    1. Bot LabBot Lab after 2 mex, 4 winddone ~1:12, middle half 0:58–1:22

    By 0:55 in all: 2 mex · 4 wind

    The example game in this phase · 6 steps
    1. Mex ×2
    2. Wind ×2
    3. SentrySentry
    4. Mex
    5. Wind ×2
    6. Bot LabBot Labdone 1:30 · typical 1:12
  2. 2

    Bot Lab to 5:00

    Economy
    • Metal Extractor2Mex
    • Wind Turbine3Wind
    • Energy Converter8Converter
    • Energy Storage1Energy storage
    Order
    1. Geothermal PowerplantGeo after 4 mex, 5 wind, 1 energy storage
    Builders
    • Construction Turret5 Con turret
    • Lazarus4 Lazarus
    • Construction Bot2 Con bot
    • Construction Bot1 Con bot for allies
    • Lazarus1 Lazarus for allies

    By 5:00 in all: 4 mex · 6 wind · 1 geo · 8 converter · 1 energy storage · 5 con turret

    The example game in this phase · 23 steps
    1. LazarusLazarus ×2
    2. Wind ×2
    3. LazarusLazarus
    4. Construction BotCon botfor Beach sea
    5. LazarusLazarus
    6. Wind
    7. LazarusLazarusfor Beach sea
    8. Construction BotCon bot
    9. Converter
    10. Mex
    11. Converter
    12. LazarusLazarus
    13. Converter ×2
    14. Geothermal PowerplantGeodone 3:57 · typical 3:26
    15. Con turret
    16. Mexfor Beach sea
    17. Con turret
    18. Energy storage
    19. Con turret ×2
    20. Wind
    21. Solar
    22. Con turret
    23. Converter
  3. 3

    5:00 to Vehicle Plant

    Order
    1. Advanced Geothermal PowerplantAdvanced Geothermal Powerplant after 8 wind, 10 converter, 6 con turretin 59% of games
    2. Vehicle PlantVehicle Plant after 9 wind, 10 converter, 6 con turretdone ~7:07, middle half 6:42–7:41
    Builders
    • Construction Turret1 Con turret

    Some games also: converter (49%) · wind (48%)

    By 7:00 in all: 4 mex · 10 wind · 1 geo · 1 Advanced Geothermal Powerplant · 10 converter · 1 energy storage

    The example game in this phase · 9 steps
    1. Con turret
    2. Converter ×2
    3. Con turret
    4. Wind ×3
    5. Converter ×6
    6. Advanced Metal ExtractorT2 mex ×4done 6:19 · typical 5:34
    7. Advanced Geothermal PowerplantAdvanced Geothermal Powerplantdone 7:10 · typical 7:06
    8. Radar TowerRadar Tower
    9. Vehicle PlantVehicle Plantdone 7:14 · typical 7:07
  4. 4

    Vehicle Plant to 10:00

    Economy
    • Wind Turbine5Wind
    • Energy Converter3Converter
    Order
    1. Advanced Vehicle PlantAdvanced Vehicle Plant after 11 wind, 11 converter, 7 con turret
    Builders
    • Construction Vehicle1 Con vehicle
    Army
    • Starlight2 Starlight
    • Umbra1 Jammer
    • Prophet1 Radar vehicle

    Some games also: con turret (50%) · T2 con vehicle for allies (48%) · Jaguar (31%)

    By 10:00 in all: 4 mex · 20 wind · 1 geo · 1 Advanced Geothermal Powerplant · 16 converter · 1 energy storage

    The example game in this phase · 69 steps
    1. BlitzBlitz ×2
    2. BlitzBlitz ×11for Front
    3. Construction VehicleCon vehicle
    4. Advanced Vehicle PlantAdvanced Vehicle Plantdone 8:22 · typical 8:07
    5. Dragon's TeethDragon's Teeth ×10
    6. Advanced Construction VehicleT2 con vehiclefor Suicide front
    7. Dragon's TeethDragon's Teeth ×3
    8. Converter
    9. Dragon's TeethDragon's Teeth
    10. Converter
    11. Dragon's TeethDragon's Teeth ×5
    12. Converter
    13. Dragon's TeethDragon's Teeth ×2
    14. Converter
    15. Advanced Construction VehicleT2 con vehiclefor Front
    16. Converter
    17. Dragon's TeethDragon's Teeth
    18. StarlightStarlightnot finished by 15:00 · typical 9:03
    19. Converter
    20. ConsulConsulfor Front
    21. Energy storagefor Front
    22. StarlightStarlight
    23. Wind
    24. StarlightStarlight
    25. Wind ×2
    26. Energy storage
    27. Wind
    28. UmbraJammer
    29. Wind ×2
    30. ProphetRadar vehicle
    31. Wind ×2
    32. Converter
    33. StarlightStarlight
    34. Converter
    35. Wind ×2
    36. StarlightStarlight
    37. Converter
    38. Wind ×2
    39. Converter
    40. JaguarJaguar
    41. Wind
    42. Converter
    43. JaguarJaguar
    44. Wind
    45. ShredderShredderdone 11:14
    46. Converter
    47. Wind
    48. ShredderShredder
    49. Wind
    50. Converter
    51. ShredderShredder ×3
    52. JaguarJaguar ×9
    53. Converter
    54. JaguarJaguar ×2
    55. Wind
    56. JaguarJaguar ×2
    57. StarlightStarlight
    58. Converter
    59. StarlightStarlight
    60. Wind
    61. Converter
    62. StarlightStarlight
    63. Wind
    64. Converter
    65. JaguarJaguar ×3
    66. Wind
    67. JaguarJaguar ×2
    68. Converter
    69. JaguarJaguar

Counts are medians over the build's games: half of them build more, half fewer. The example game is zeus_on_god's (36 OS, 26/09/2026); pick another.

Team trades

IN AT LEAST 30% OF ITS GAMES

You hand over

  • Lazarus1 Lazarus to Beach seafirst at 2:16 · in 78% of games
  • Construction Bot1 Con bot to Beach seafirst at 2:31 · in 88% of games
  • Advanced Construction Vehicle1 T2 con vehicle to Suicide front or Frontfirst at 8:52 · in 62% of games

You get

  • Hercules1 Light transport from Airfirst at 4:20 · in 35% of games
  • Advanced Construction Bot1 T2 con bot from Techfirst at 4:48 · in 95% of games

How it plays out

Typical game of this build, running totals by minute

Metal produced

020k40k
0:005:0010:0015:00

metal

Enemy metal destroyed

05k10k15k
0:005:0010:0015:00

metal

Own metal lost

02.5k5k7.5k
0:005:0010:0015:00

metal

800 games.

Show as table
ByMetal produced: This buildEnemy metal destroyed: This buildOwn metal lost: This build
1:0033300
2:0082600
3:00152700
4:00270000
5:00372800
6:00572800
7:00814500
8:0011494021
9:001451051130
10:0017421615320
11:00204012076790
12:002333640221927
13:002607961903323
14:002899585234783
15:0031544103856248
WHAT THE NUMBERS SAY

Standard Geo build dominates the resource numbers, with zero own losses through 10:00 and a huge metal lead by 15:00.

  • + Metal produced hits 31426 by 15:00, highest of all six builds
  • + Own metal lost is 0 by 5:00 and only 334 by 10:00
  • − First Starlight only arrives in 57% of games by 9:19
  • − Advanced geothermal lands in just 69% of games by 7:16
THE EXAMPLE YOU ARE READING

zeus_on_god

36.3 OS · 26/09/2026

Open source match ↗

4 received units · includes a constructor
1668 metal received · 55436 energy received

Allied construction assistance is unknown. Timings are observations, not a promise of solo reproducibility.

Typical milestones

Bot Lab1:12Middle 50%: 0:58–1:22 · n=799
Geothermal Powerplant3:26Middle 50%: 3:10–3:42 · n=798
Advanced Metal Extractor5:34Middle 50%: 5:18–5:56 · n=797
Advanced Geothermal Powerplant7:06Middle 50%: 6:49–7:34 · n=578
Vehicle Plant7:07Middle 50%: 6:42–7:41 · n=761
Advanced Vehicle Plant8:07Middle 50%: 7:41–8:51 · n=723
Starlight9:03Middle 50%: 8:31–9:53 · n=634

Played most by

zeus_on_god84games of this build0neTw083games of this buildViltrum53games of this buildDamsko40games of this buildXad39games of this build